 Dungeon Crawl Stone Soup version 0.26-a0-651-gb41185065b (webtiles) character file.

Game seed: 9125320702901650745

84 Azzok the Shield-Bearer (level 4, -2/35 HPs)
             Began as a Demonspawn Fighter on Oct 18, 2020.
             Slain by a gnoll (6 damage)
             ... on level 2 of the Dungeon.
             The game lasted 00:01:37 (1153 turns).

Azzok the Shield-Bearer (Demonspawn Fighter)        Turns: 1153, Time: 00:01:37

Health: -2/35      AC:  6    Str: 17    XL:     4   Next: 23%
Magic:  0/4        EV:  7    Int: 10    God:
Gold:   43         SH:  9    Dex: 12    Spells: 3/3 levels left

rFire    . . .     SeeInvis .     - Unarmed
rCold    . . .     Faith    .   b - +0 kite shield
rNeg     . . .     Spirit   +   a - +0 scale mail
rPois    .         Reflect  .   (helmet restricted)
rElec    .         Harm     .   (no cloak)
rCorr    .         Rampage  .   (no gloves)
MR       .....                  (no boots)
Stlth    ..........             (no amulet)
HPRegen  0.11/turn              (no ring)
MPRegen  0.09/turn              (no ring)

@: no status effects
A: antennae 1, magic shield
a: no special abilities


You were on level 2 of the Dungeon.
You visited 1 branch of the dungeon, and saw 2 of its levels.

You collected 43 gold pieces.

Inventory:

Armour
 a - a +0 scale mail (worn)
 b - a +0 kite shield (worn)
Scrolls
 d - a scroll of noise {unknown}
 e - 2 scrolls of enchant armour {unknown}
 f - 2 scrolls of identify {unknown}
Potions
 c - 2 potions of might
 g - a potion of haste {unknown}


   Skills:
 - Level 3.0 Fighting
 - Level 2.6 Armour
 + Level 3.8 Shields
 + Level 3.1 Unarmed Combat


You had 3 spell levels left.
You didn't know any spells.
Your spell library was empty.

Dungeon Overview and Level Annotations

Branches:
Dungeon (2/15)

Altars:


Innate Abilities, Weirdness & Mutations

You have a pair of small antennae on your head.
When hurt, damage is shared between your health and your magic reserves.


Message History

You kill the gnoll!
You hit the dart slug.
The dart slug is moderately wounded.
The dart slug bites you but does no damage.
You hit the dart slug.
The dart slug is moderately wounded.
You punch the dart slug!
You kill the dart slug!
You hit the gnoll.
The gnoll is moderately wounded.
The gnoll hits you.
* * * LOW HITPOINT WARNING * * *
You hit the gnoll.
The gnoll is severely wounded.
The gnoll barely misses you.
You closely miss the gnoll.
The gnoll is heavily wounded.
The gnoll hits you!
* * * LOW MAGIC WARNING * * *
You die...

▒··▒ ··· ▒··▒ ··▒
▒··▒ ··▒ ▒▒▒▒▒▒▒··▒
··▒ ▒··
·········▒▒··▒▒▒▒··
▒▒▒▒▒▒▒▒·▒·········
▒·g·g·▒)·▒ ▒ ▒·▒
▒·▒▒▒▒·▒g▒·▒ ▒·▒
▒▒▒@▒·▒ ▒·▒ ▒▒·▒·▒
▒·▒▒▒▒▒▒▒▒▒ ▒····▒
▒·········· ·
▒▒▒····▒▒
▒·▒▒▒▒▒▒▒▒▒
···▒▒▒·······▒ ▒·▒
▒·····
·············▒▒▒·▒
▒·▒▒▒▒
·················▒ ▒
····▒▒▒▒····▒▒▒▒·▒▒▒
▒
···················▒
▒


You could see a gnoll.

Vanquished Creatures
  An adder (D:2)
  3 gnolls (D:2)
  3 dart slugs
  2 leopard geckos
  5 bats (D:1)
  4 giant cockroaches (D:1)
  4 goblins (D:1)
  4 hobgoblins (D:1)
  3 jackals (D:1)
  A frilled lizard (D:2)
  3 kobolds
  3 rats (D:1)
36 creatures vanquished.

Notes
Turn   | Place    | Note
-------+----------+-------------------------------------------
     0 | D:1      | Azzok the Demonspawn Fighter began the quest for the Orb.
     0 | D:1      | Reached XP level 1. HP: 18/18 MP: 1/1
    94 | D:1      | Gained mutation: When hurt, damage is shared between your
                  | health and your magic reserves. [demonic ancestry]
    94 | D:1      | Reached XP level 2. HP: 15/24 MP: 2/2
   638 | D:1      | Reached XP level 3. HP: 29/29 MP: 3/3
  1136 | D:2      | Gained mutation: You have a pair of small antennae on your
                  | head. [demonic ancestry]
  1136 | D:2      | Reached XP level 4. HP: 18/35 MP: 2/4
  1153 | D:2      | Slain by a gnoll

Illustrated notes

Levels and vault maps discovered:
D:1:      dpeg_arrival_renting, layout_basic
D:2:      layout_loops_ring, gammafunk_temple_overflow_pools

Skill      XL: |  1  2  3 |
---------------+----------+-----
Unarmed Combat | 2 3 |  3.1
Shields        | 3 |  3.8
Fighting       | |  3.0
Armour         | |  2.6

Action                   |  1- 3 |  4- 6 || total
-------------------------+-------+-------++-------
Melee: Unarmed           |   169 |    17 ||   186
Armor: Scale mail        |    61 |     4 ||    65
Dodge: Dodged            |    40 |     4 ||    44
Block: Kite shield       |    70 |     1 ||    71

Table legend: (Time is in decaauts)
 A = Elapsed time spent in this place.
 B = Non-inter-level travel time spent in this place.
 C = Inter-level travel time spent in this place.
 D = Time resting spent in this place.
 E = Time spent auto-exploring this place.
 F = Levels seen in this place.
 G = Mean time per level.
                   A        B        C        D        E       F      G
               +--------+--------+--------+--------+--------+-----+--------+
         Total |   1159 |   1155 |      4 |      9 |    833 |   2 |  579.5 |
       Dungeon |   1159 |   1155 |      4 |      9 |    833 |   2 |  579.5 |
               +--------+--------+--------+--------+--------+-----+--------+

Top non-repeatable levels by time:
     D:1: 894 daAuts
     D:2: 265 daAuts
